[ AOE2 MATCH · #513795088 ]
UnrankedBritons vs Burmese
Player's team · WIN
Rival team · LOSS
[ REPLAY ANALYSIS · EXTRACTED FROM THE RECORDED GAME ]
Feudal
8:26
Castle
21:42
Imperial
41:52
| APM avg | 68.7 |
| APM peak | 122 |
| eAPM avg | 34.1 |
| Villagers / military | 143 / 96 |
Focus
⚔️ 43.8% · 🌾 56.2%
Longbowman ×49 · Archer ×17 · Skirmisher ×16 · Monk ×5 · Knight ×5 · Spearman ×2
Feudal
9:20
Castle
27:01
Imperial
—
| APM avg | 66.3 |
| APM peak | 99 |
| eAPM avg | 32.5 |
| Villagers / military | 113 / 102 |
Focus
⚔️ 48.7% · 🌾 51.3%
Skirmisher ×28 · Arambai ×24 · Scout Cavalry ×14 · Militia ×8 · Monk ×7 · Battering Ram ×7
Match map
Initial resources + every placement click. Lines = walls · curves = elevation contours. ◆ gold · ⬟ stone · ● berries · ✦ relic · ◌ wall gap
Your base· Open — unwalled flank
STORM | Noszombie's base· ✓ Closed at 27:01 · 34t walls · no gate
Smoothed initial terrain · ◌ = detected wall gap · hover for details
Inputs per minute
— wisenatic - - STORM | Noszombie
Build order — wisenatic
First 150 of 348 actions detected
| 0:00 | queue | Villager (Male) |
| 0:01 | queue | Villager (Male) |
| 0:01 | queue | Villager (Male) |
| 0:01 | queue | Villager (Male) |
| 0:02 | queue | Villager (Male) |
| 0:02 | Build | House |
| 0:05 | Build | House |
| 1:25 | queue | Villager (Male) |
| 1:26 | queue | Villager (Male) |
| 1:43 | queue | Villager (Male) |
| 1:43 | queue | Villager (Male) |
| 2:21 | queue | Villager (Male) |
| 2:28 | queue | Villager (Male) |
| 2:28 | queue | Villager (Male) |
| 2:29 | queue | Villager (Male) |
| 2:43 | Build | Lumber Camp |
| 2:54 | queue | Villager (Male) |
| 2:54 | queue | Villager (Male) |
| 3:11 | queue | Villager (Male) |
| 3:43 | queue | Villager (Male) |
| 3:43 | queue | Villager (Male) |
| 3:43 | queue | Villager (Male) |
| 4:11 | Build | House |
| 4:15 | queue | Villager (Male) |
| 4:15 | queue | Villager (Male) |
| 4:36 | queue | Villager (Male) |
| 4:58 | queue | Villager (Male) |
| 5:09 | Build | Mill |
| 6:16 | Research | Feudal Age |
| 6:16 | Research | Feudal Age |
| 7:01 | Build | Palisade Wall |
| 7:22 | Build | Barracks |
| 7:54 | Build | Mining Camp |
| 8:05 | Build | House |
| 8:13 | Build | Palisade Wall |
| 8:24 | Research | Loom |
| 8:26 | Age | Feudal Age |
| 8:51 | Build | Archery Range |
| 8:53 | queue | Villager (Male) |
| 8:55 | queue | Villager (Male) |
| 9:12 | queue | Villager (Male) |
| 9:18 | Build | House |
| 9:25 | Build | Watch Tower |
| 9:30 | Build | Palisade Wall |
| 9:31 | Build | Palisade Wall |
| 9:32 | queue | Villager (Male) |
| 9:33 | Build | Palisade Wall |
| 9:38 | queue | Archer |
| 9:38 | queue | Archer |
| 9:46 | queue | Villager (Male) |
| 9:58 | queue | Spearman |
| 10:05 | queue | Villager (Male) |
| 10:30 | queue | Spearman |
| 10:52 | queue | Villager (Male) |
| 10:58 | queue | Villager (Male) |
| 10:59 | queue | Archer |
| 11:13 | queue | Archer |
| 11:23 | queue | Villager (Male) |
| 11:25 | Build | Blacksmith |
| 11:38 | Build | House |
| 12:03 | Research | Fletching |
| 12:03 | Research | Fletching |
| 12:35 | queue | Villager (Male) |
| 12:40 | queue | Villager (Male) |
| 12:44 | queue | Skirmisher |
| 12:57 | Build | House |
| 13:07 | queue | Skirmisher |
| 13:11 | Build | Lumber Camp |
| 13:19 | Build | House |
| 13:30 | queue | Skirmisher |
| 13:31 | queue | Villager (Male) |
| 13:46 | Build | Farm |
| 13:52 | Build | Farm |
| 14:04 | queue | Villager (Male) |
| 14:07 | queue | Skirmisher |
| 14:12 | queue | Skirmisher |
| 14:22 | queue | Skirmisher |
| 14:32 | queue | Villager (Male) |
| 14:37 | Build | Farm |
| 14:40 | Build | Farm |
| 14:42 | Build | House |
| 14:43 | queue | Villager (Male) |
| 14:58 | queue | Archer |
| 15:00 | Build | Farm |
| 15:13 | Build | Farm |
| 15:35 | queue | Villager (Male) |
| 15:41 | queue | Archer |
| 15:42 | queue | Villager (Male) |
| 15:44 | Build | Farm |
| 15:46 | Build | Farm |
| 16:07 | Build | Farm |
| 16:08 | queue | Villager (Male) |
| 16:15 | Build | Farm |
| 16:16 | queue | Villager (Male) |
| 16:48 | queue | Villager (Male) |
| 16:56 | queue | Villager (Male) |
| 17:29 | Build | Mill |
| 17:32 | Build | Farm |
| 17:33 | Build | Farm |
| 17:34 | Build | Farm |
| 17:41 | queue | Archer |
| 17:45 | Build | Farm |
| 17:47 | Build | Farm |
| 17:48 | Build | Farm |
| 18:06 | queue | Archer |
| 18:07 | queue | Villager (Male) |
| 18:29 | queue | Archer |
| 18:33 | Build | Farm |
| 18:39 | queue | Skirmisher |
| 19:02 | Research | Castle Age |
| 19:12 | Build | Archery Range |
| 19:20 | queue | Skirmisher |
| 19:50 | Build | House |
| 19:57 | queue | Skirmisher |
| 20:32 | queue | Villager (Male) |
| 20:43 | queue | Archer |
| 20:43 | queue | Archer |
| 20:45 | queue | Villager (Male) |
| 20:51 | Build | Stable |
| 20:52 | queue | Skirmisher |
| 20:53 | queue | Skirmisher |
| 21:27 | queue | Villager (Male) |
| 21:27 | queue | Villager (Male) |
| 21:41 | queue | Skirmisher |
| 21:42 | Age | Castle Age |
| 21:44 | queue | Knight |
| 21:45 | queue | Knight |
| 21:59 | Research | Bodkin Arrow |
| 22:34 | queue | Villager (Male) |
| 22:50 | queue | Villager (Male) |
| 22:56 | queue | Villager (Male) |
| 23:03 | queue | Villager (Male) |
| 23:12 | queue | Villager (Male) |
| 23:21 | queue | Villager (Male) |
| 23:35 | queue | Villager (Male) |
| 23:40 | Build | Farm |
| 23:40 | Research | Horse Collar |
| 23:40 | Research | Horse Collar |
| 23:41 | Build | Farm |
| 23:44 | Build | Town Center |
| 23:57 | queue | Knight |
| 23:57 | queue | Knight |
| 24:22 | Build | Farm |
| 24:25 | Build | Farm |
| 24:26 | queue | Villager (Male) |
| 24:29 | queue | Skirmisher |
| 24:29 | queue | Skirmisher |
| 24:48 | queue | Villager (Male) |
| 24:48 | queue | Villager (Male) |
| 24:59 | Build | House |
Build order — STORM | Noszombie
First 150 of 348 actions detected
| 0:01 | queue | Villager (Male) |
| 0:02 | queue | Villager (Male) |
| 0:02 | queue | Villager (Male) |
| 0:03 | Build | House |
| 0:05 | Build | House |
| 0:06 | queue | Villager (Male) |
| 1:25 | queue | Villager (Male) |
| 1:51 | queue | Villager (Male) |
| 2:10 | Build | Lumber Camp |
| 2:23 | queue | Villager (Male) |
| 2:57 | queue | Villager (Male) |
| 3:11 | queue | Villager (Male) |
| 3:12 | queue | Villager (Male) |
| 3:38 | queue | Villager (Male) |
| 3:38 | queue | Villager (Male) |
| 3:53 | Build | House |
| 3:57 | Build | House |
| 4:10 | queue | Villager (Male) |
| 4:12 | queue | Villager (Male) |
| 4:48 | queue | Villager (Male) |
| 4:53 | queue | Villager (Male) |
| 5:11 | Build | Barracks |
| 5:23 | Build | Palisade Wall |
| 5:41 | queue | Villager (Male) |
| 5:43 | queue | Villager (Male) |
| 6:03 | Research | Loom |
| 6:14 | Build | Mill |
| 7:10 | Research | Feudal Age |
| 7:21 | Build | Mining Camp |
| 7:40 | queue | Militia |
| 7:40 | queue | Militia |
| 7:40 | queue | Militia |
| 7:44 | Build | House |
| 8:07 | queue | Militia |
| 8:07 | queue | Militia |
| 8:47 | queue | Villager (Male) |
| 9:07 | queue | Villager (Male) |
| 9:11 | queue | Villager (Male) |
| 9:20 | Age | Feudal Age |
| 9:22 | Build | Watch Tower |
| 9:27 | Research | Man-at-Arms (upgrade) |
| 9:39 | Build | Watch Tower |
| 9:41 | queue | Villager (Male) |
| 9:43 | Build | Archery Range |
| 9:44 | queue | Villager (Male) |
| 10:31 | queue | Villager (Male) |
| 10:33 | Build | Palisade Wall |
| 10:34 | Build | Palisade Wall |
| 10:43 | queue | Villager (Male) |
| 10:46 | Build | Palisade Wall |
| 10:50 | queue | Archer |
| 11:22 | queue | Villager (Male) |
| 11:22 | queue | Villager (Male) |
| 11:27 | queue | Archer |
| 11:43 | Build | Blacksmith |
| 11:44 | queue | Archer |
| 11:50 | queue | Skirmisher |
| 11:55 | queue | Skirmisher |
| 12:05 | queue | Villager (Male) |
| 12:08 | Build | Farm |
| 12:10 | Research | Horse Collar |
| 12:11 | Research | Horse Collar |
| 12:13 | Build | House |
| 12:17 | queue | Skirmisher |
| 12:18 | queue | Villager (Male) |
| 12:26 | queue | Skirmisher |
| 12:43 | queue | Villager (Male) |
| 12:44 | Build | Farm |
| 12:48 | Build | House |
| 12:49 | queue | Villager (Male) |
| 12:52 | Build | House |
| 12:58 | Research | Fletching |
| 12:59 | queue | Skirmisher |
| 13:08 | Build | Farm |
| 13:13 | queue | Villager (Male) |
| 13:27 | queue | Villager (Male) |
| 13:40 | Build | Mining Camp |
| 13:49 | queue | Skirmisher |
| 13:51 | queue | Villager (Male) |
| 13:51 | queue | Villager (Male) |
| 13:55 | Build | House |
| 14:30 | queue | Skirmisher |
| 14:38 | queue | Villager (Male) |
| 14:41 | Build | House |
| 14:41 | Build | House |
| 14:42 | queue | Villager (Male) |
| 14:46 | Build | Archery Range |
| 14:48 | queue | Archer |
| 14:59 | Build | Farm |
| 15:00 | Build | Farm |
| 15:09 | queue | Skirmisher |
| 15:37 | queue | Villager (Male) |
| 15:38 | queue | Skirmisher |
| 15:41 | queue | Archer |
| 15:55 | Build | Farm |
| 15:57 | Build | House |
| 15:58 | Build | House |
| 16:01 | Build | Watch Tower |
| 16:02 | queue | Skirmisher |
| 16:08 | queue | Skirmisher |
| 16:11 | queue | Villager (Male) |
| 16:16 | Build | Farm |
| 16:20 | queue | Skirmisher |
| 16:43 | queue | Skirmisher |
| 16:46 | queue | Militia |
| 16:57 | queue | Skirmisher |
| 17:08 | queue | Villager (Male) |
| 17:08 | queue | Villager (Male) |
| 17:14 | queue | Skirmisher |
| 17:25 | queue | Skirmisher |
| 17:32 | Build | House |
| 17:33 | Build | Palisade Wall |
| 17:34 | queue | Villager (Male) |
| 17:36 | Build | Farm |
| 17:37 | Build | Farm |
| 17:39 | Build | Farm |
| 17:54 | queue | Skirmisher |
| 17:56 | queue | Villager (Male) |
| 17:56 | queue | Villager (Male) |
| 17:59 | Build | Palisade Wall |
| 18:17 | queue | Villager (Male) |
| 18:29 | queue | Villager (Male) |
| 18:36 | Build | Lumber Camp |
| 18:38 | queue | Skirmisher |
| 19:06 | Build | Watch Tower |
| 19:07 | queue | Skirmisher |
| 19:09 | queue | Villager (Male) |
| 19:16 | Build | Farm |
| 19:26 | queue | Skirmisher |
| 19:46 | Build | Watch Tower |
| 19:47 | queue | Skirmisher |
| 19:51 | Build | House |
| 19:54 | queue | Villager (Male) |
| 19:55 | Build | Stone Wall |
| 19:59 | Build | Stone Wall |
| 20:01 | queue | Skirmisher |
| 20:05 | Build | Stone Wall |
| 20:12 | queue | Skirmisher |
| 20:23 | queue | Villager (Male) |
| 20:28 | queue | Skirmisher |
| 20:42 | queue | Villager (Male) |
| 20:46 | queue | Militia |
| 20:54 | queue | Villager (Male) |
| 21:06 | Build | Farm |
| 21:06 | Build | Farm |
| 21:07 | Build | Farm |
| 21:07 | Build | Farm |
| 21:07 | Build | Farm |
| 21:10 | queue | Villager (Male) |
| 21:20 | Research | Wheelbarrow |
Match timeline
| 5:11 | STORM | Noszombie · first_building Barracks |
| 5:23 | STORM | Noszombie · wall_segment Palisade Wall x1 |
| 7:01 | wisenatic · wall_segment Palisade Wall x1 |
| 7:22 | wisenatic · first_building Barracks |
| 8:13 | wisenatic · wall_segment Palisade Wall x4 |
| 8:26 | wisenatic · age_up feudal |
| 8:51 | wisenatic · first_building Archery Range |
| 9:20 | STORM | Noszombie · age_up feudal |
| 9:30 | wisenatic · wall_segment Palisade Wall x1 |
| 9:31 | wisenatic · wall_segment Palisade Wall x1 |
| 9:33 | wisenatic · wall_segment Palisade Wall x1 |
| 9:43 | STORM | Noszombie · first_building Archery Range |
| 10:33 | STORM | Noszombie · wall_segment Palisade Wall x1 |
| 10:34 | STORM | Noszombie · wall_segment Palisade Wall x1 |
| 10:46 | STORM | Noszombie · wall_segment Palisade Wall x1 |
| 17:33 | STORM | Noszombie · wall_segment Palisade Wall x9 |
| 17:59 | STORM | Noszombie · wall_segment Palisade Wall x9 |
| 19:55 | STORM | Noszombie · wall_segment Stone Wall x1 |
| 19:59 | STORM | Noszombie · wall_segment Stone Wall x1 |
| 20:05 | STORM | Noszombie · wall_segment Stone Wall x1 |
| 20:51 | wisenatic · first_building Stable |
| 21:42 | wisenatic · age_up castle |
| 22:01 | STORM | Noszombie · wall_segment Stone Wall x1 |
| 22:32 | STORM | Noszombie · wall_segment Stone Wall x1 |
| 22:34 | STORM | Noszombie · wall_segment Stone Wall x1 |
| 22:36 | STORM | Noszombie · wall_segment Stone Wall x1 |
| 23:05 | STORM | Noszombie · first_market_buy 100 food |
| 23:26 | STORM | Noszombie · wall_segment Stone Wall x1 |
| 23:27 | STORM | Noszombie · wall_segment Stone Wall x1 |
| 23:28 | STORM | Noszombie · wall_segment Stone Wall x1 |
| 23:55 | STORM | Noszombie · wall_segment Stone Wall x1 |
| 24:39 | STORM | Noszombie · wall_segment Stone Wall x1 |
| 25:05 | STORM | Noszombie · first_building Stable |
| 25:43 | wisenatic · first_building Monastery |
| 27:01 | STORM | Noszombie · age_up castle |
| 27:09 | STORM | Noszombie · first_building Monastery |
| 29:05 | STORM | Noszombie · first_building Castle |
| 29:18 | wisenatic · first_building Castle |
| 31:07 | STORM | Noszombie · wall_segment Stone Wall x1 |
| 31:36 | STORM | Noszombie · first_market_sell 100 food |
| 36:29 | STORM | Noszombie · first_building Siege Workshop |
| 37:23 | wisenatic · first_building Siege Workshop |
| 38:56 | wisenatic · first_market_buy 100 stone |
| 41:52 | wisenatic · age_up imperial |
| 41:58 | STORM | Noszombie · resign |
[ AI ANALYSIS · 1 CREDIT ]
What really happened in this match?
Wolo.gg analyzes every decision: build order, eco, micro, common mistakes by bracket. Personalized analysis on WhatsApp or Discord in 30 seconds.
Civ guide
Britons
Perfil
Jugador #616906